 Dungeon Crawl Stone Soup version 0.22.1-2-g9c5b331383 (webtiles) character file.

514 Marnok the Ruffian (level 7, -6/67 HPs)
             Began as a Troll Berserker on Dec 27, 2018.
             Was a Priest of Trog.
             Mangled by an orc warrior
             ... wielding a +0 halberd
              (14 damage)
             ... on level 6 of the Dungeon.
             The game lasted 00:17:33 (2712 turns).

Marnok the Ruffian (Troll Berserker)                Turns: 2712, Time: 00:17:33

Health: -6/67      AC:  5    Str: 26    XL:     7   Next: 0%
Magic:  6/6        EV:  8    Int:  3    God:    Trog [***...]
Gold:   189        SH: 13    Dex: 11    Spells: 6/6 levels left

rFire    . . .     SeeInvis .     - Unarmed
rCold    + . .     Gourm    +   j - +1 shield
rNeg     . . .     Faith    .   g - +0 robe
rPois    .         Spirit   .   (helmet restricted)
rElec    .         Reflect  +   (no cloak)
rCorr    .         Harm     .   (gloves unavailable)
MR       .....                  (boots unavailable)
Stlth    +.........             o - +4 amulet of reflection
HPRegen  0.61/turn              l - ring of protection from cold
MPRegen  0.10/turn              (no ring)

@: about to teleport, berserk cooldown, slowed, very slow
A: large, unfitting armour, claws 3, fast metabolism 3, gourmand, regeneration
1, shaggy fur 1, tough skin 2
a: Berserk, Trog's Hand, Renounce Religion


You were on level 6 of the Dungeon.
You worshipped Trog.
Trog was most pleased with you.
You were very full.

You visited 1 branch of the dungeon, and saw 7 of its levels.

You collected 189 gold pieces.

Inventory:

Hand Weapons
 i - a +0 whip of flaming
 t - a +1 hand axe of draining
Missiles
 k - 8 javelins of penetration (quivered)
Armour
 a - a +0 animal skin
 g - a +0 robe (worn)
 j - a +1 shield (worn)
Jewellery
 d - an uncursed amulet of rage {unknown}
 l - a ring of protection from cold (left claw)
 o - a +4 amulet of reflection (around neck)
Scrolls
 c - 2 scrolls of blinking
 e - 4 scrolls of enchant weapon
 m - a scroll of teleportation
 n - 4 scrolls of remove curse
 r - a scroll of immolation
Potions
 f - 3 potions of degeneration
 h - a potion of heal wounds
 p - a potion of cancellation
 q - a potion of ambrosia
 u - a potion of haste
Comestibles
 b - 11 rations


   Skills:
 + Level 3.1 Fighting
 + Level 3.7 Dodging
 + Level 0.4 Stealth
 + Level 1.1 Shields
 + Level 6.3 Unarmed Combat


You had 6 spell levels left.
You didn't know any spells.
Your spell library was empty.

Dungeon Overview and Level Annotations

Branches:
Dungeon (7/15)             Temple (0/1) D:4

Altars:
Fedhas


Innate Abilities, Weirdness & Mutations

You are too large for most types of armour.
You have claws for hands.
Your metabolism is lightning-fast.
You like to eat raw meat.
Your natural rate of healing is unusually fast.
You are covered in fur. (AC +1)
You have very tough skin. (AC +2)


Message History

Things that are here:
2 arrows; a ring mail You are no longer berserk.
You are exhausted.
You feel yourself slow down.
The orc warrior hits you from afar with a halberd!!
* * * LOW HITPOINT WARNING * * *
You feel much better.
The orc warrior hits you from afar with a halberd!!
* * * LOW HITPOINT WARNING * * *
You block the orc warrior's attack.
The orc warrior hits you but does no damage.
The orc warrior hits you from afar with a halberd!
* * * LOW HITPOINT WARNING * * *
There is an escape hatch in the floor here.
You block the orc warrior's attack.
As you read the scroll of teleportation, it crumbles to dust.
You feel strangely unstable.
The orc warrior hits you from afar with a halberd!
You die... oo

#.# . #.#
#.# #.# #o#
#o# #o# #.#
#@# #.# #.#
#.#########
#.........#
########.##
#.# #.# #.#


You could see an orc warrior and 2 orcs.

Vanquished Creatures
  A necrophage (D:6)
  A centaur (D:6)
  3 orc wizards
  An orc priest (D:4)
  2 bullfrog skeletons (D:4)
  Terence (D:2)
  5 adders
  A dart slug (D:1)
  5 worms
  A leopard gecko (D:1)
  11 orcs
  2 giant cockroaches
  18 goblins
  7 hobgoblins
  5 jackals
  4 kobolds
  3 quokkas
  2 ball pythons
  3 bats
  6 frilled lizards
  8 rats
90 creatures vanquished.

Notes
Turn   | Place    | Note
-------+----------+-------------------------------------------
     0 | D:1      | Marnok the Troll Berserker began the quest for the Orb.
     0 | D:1      | Reached XP level 1. HP: 22/22 MP: 0/0
    79 | D:1      | Reached XP level 2. HP: 29/29 MP: 1/1
   180 | D:2      | Reached XP level 3. HP: 31/36 MP: 2/2
   298 | D:1      | Reached ** piety under Trog
   976 | D:2      | Noticed Terence
   988 | D:2      | Killed Terence
   988 | D:2      | Reached skill level 4 in Unarmed Combat
   988 | D:2      | Reached XP level 4. HP: 42/44 MP: 3/3
  1126 | D:2      | Reached *** piety under Trog
  1919 | D:4      | Reached XP level 5. HP: 52/52 MP: 4/4
  2018 | D:4      | Reached skill level 5 in Unarmed Combat
  2090 | D:4      | Found a blossoming altar of Fedhas.
  2120 | D:4      | Found a staircase to the Ecumenical Temple.
  2389 | D:5      | Entered Level 5 of the Dungeon
  2427 | D:4      | Reached XP level 6. HP: 51/61 MP: 5/5
  2670 | D:6      | Noticed an orc warrior
  2689 | D:6      | Reached skill level 6 in Unarmed Combat
  2692 | D:6      | Reached skill level 1 in Shields
  2692 | D:6      | Reached XP level 7. HP: 67/67 MP: 6/6
  2712 | D:6      | Mangled by an orc warrior

Skill      XL: |  1  2  3  4  5  6 |
---------------+-------------------+-----
Dodging        | 3 |  3.7
Unarmed Combat | 4 5 6 |  6.3
Fighting       | 3 |  3.1
Shields        | 1 |  1.1
Stealth        | |  0.4

Action                   |  1- 3 |  4- 6 |  7- 9 || total
-------------------------+-------+-------+-------++-------
Melee: Unarmed           |   107 |   124 |     3 ||   234
Invok: Berserk           |     1 |     1 |       ||     2
  Use: Scroll            |     8 |     7 |     1 ||    16
       Potion            |     2 |       |     1 ||     3
 Stab: Sleeping          |       |     1 |       ||     1
  Eat: Chunk             |     9 |    22 |       ||    31
Armor: Animal skin       |    58 |    12 |       ||    70
       Robe              |       |     6 |     1 ||     7
Dodge: Dodged            |    71 |    45 |       ||   116
Block: Shield            |       |    21 |     2 ||    23
